 Dungeon Crawl Stone Soup version 0.15.0-14-g6bbbb5c (webtiles) character file.

139 tkappleton the Chiller (level 5, -2/38 HPs)
             Began as a Minotaur Ice Elementalist on Sept 4, 2014.
             Killed by nerve-wracking pain
             ... invoked by Grinder
              (7 damage)
             ... while paralysed by Grinder
             ... on Level 3 of the Dungeon.
             The game lasted 00:21:26 (3436 turns).

tkappleton the Chiller (Minotaur Ice Elementalist)  Turns: 3436, Time: 00:21:26

HP  -2/38        AC  3     Str 13      XL: 5   Next:  1%
MP   2/6         EV  2     Int 13      God:
Gold 120         SH  0     Dex 10      Spells:  3 memorised,  2 levels left

rFire  . . .     SeeInvis .     a - +0 whip
rCold  . . .     Clarity  .     q - +0 robe
rNeg   . . .     rCorr    .     (no shield)
rPois  .         rRot     .     (helmet restricted)
rElec  .         Spirit   .     (no cloak)
SustAb .         Warding  .     e - +0 pair of gloves
rMut   .         Stasis   .     (no boots)
Gourm  .                        (no amulet)
MR     +....                    w - +3 ring of slaying
                                m - ring of protection from magic

@: paralysed, somewhat resistant to hostile enchantments, very unstealthy
A: retaliatory headbutt, horns 2
a: no special abilities


You were on level 3 of the Dungeon.
You were not hungry.

You visited 1 branch of the dungeon, and saw 3 of its levels.

You collected 120 gold pieces.

Inventory:

Hand weapons
 a - a +0 whip (weapon)
 b - a +0 hunting sling
Missiles
 f - 172 stones (quivered)
Armour
 e - a +0 pair of gloves (worn)
 h - a +0 leather armour
 q - a +0 robe (worn)
Comestibles
 c - 3 bread rations
 i - 4 fruits
 s - a beef jerky
 x - 2 chunks of hobgoblin flesh
Scrolls
 d - 4 scrolls of identify {unknown}
 g - 3 scrolls of teleportation {unknown}
 l - a scroll of noise {unknown}
 o - a scroll of random uselessness {unknown}
 p - a scroll of blinking {unknown}
 r - a scroll of immolation {unknown}
Jewellery
 m - a ring of protection from magic (left hand)
 w - a +3 ring of slaying (right hand)
Potions
 k - a potion of heal wounds {unknown}
 n - a potion of might {unknown}
 v - a potion of confusion {unknown}
Books
 j - a book of Frost

   Spells                             Type                      Level
   *Freeze                            Ice                          1
   *Throw Frost                       Conjuration/Ice              2
   *Ozocubu's Armour                  Charms/Ice                   3
   Throw Icicle                       Conjuration/Ice              4
   Summon Ice Beast                   Ice/Summoning                4
   Condensation Shield                Ice                          4


   Skills:
 + Level 1.2 Maces & Flails
 + Level 2.0(2.3) Slings
 + Level 1.4(1.9) Throwing
 - Level 2.1 Dodging
 - Level 1.5 Stealth
 + Level 1.8 Unarmed Combat
 + Level 2.0 Spellcasting
 - Level 0.6 Conjurations
 + Level 2.8 Ice Magic


You had 2 spell levels left.
You knew the following spells:

 Your Spells              Type           Power        Failure   Level  Hunger
a - Freeze                Ice            #...         10%         1    ##.....
b - Throw Frost           Conj/Ice       #.....       21%         2    ###....
c - Ozocubu's Armour      Chrm/Ice       #.......     52%         3    ####...


Dungeon Overview and Level Annotations

Branches:
Dungeon (3/15)

Altars:
Trog

Annotations:
D:3 Grinder


Innate Abilities, Weirdness & Mutations

You reflexively headbutt those who attack you in melee.
You have a pair of horns on your head.


Message History

Grinder blinks!
Grinder gestures.
Grinder blinks!
Grinder says, "Wait up."
Grinder gestures.
Grinder blinks!
Grinder gestures.
Grinder blinks!
Grinder says, "My boss said I was rubbish.
His entrails said otherwise."
Grinder gestures at you.
You suddenly lose the ability to move!
Grinder gestures at you. You resist. Grinder gestures at you.
You resist with almost no effort. Grinder gestures at you. You resist.
Grinder gestures at you. Pain shoots through your body!
You die...

####.......#.#####.#..........#>#
..........................#..##.#
####......#......................
#...%.5#.####...##.........##.
####+#.#.# #..............##.
#.#.#.####...##............
#.#..........####)#.#.####.
#........5...####.....# #.
###.#.####@.....#.########. #.#.#
#................. #.#.#
#..<.###...######.
###.####.................
#.........###...##.###.
######.#..# #..........
#.#..###.#.##.###.
###......<........
##.###.#........


You could see Grinder.

Vanquished Creatures
  Terence (D:3)
  5 adders
  4 worms (D:2)
  A giant gecko (D:1)
  2 oozes
  5 hobgoblins
  7 jackals (D:1)
  10 kobolds
  A quokka (D:3)
  5 bats
  3 giant cockroaches
  4 giant newts
  4 goblins
  8 rats
60 creatures vanquished.

Notes
Turn   | Place    | Note
--------------------------------------------------------------
     0 | D:1      | tkappleton, the Minotaur Ice Elementalist, began the quest for the Orb.
     0 | D:1      | Reached XP level 1. HP: 14/14 MP: 2/2
   374 | D:1      | Reached XP level 2. HP: 15/20 MP: 0/2
   398 | D:1      | Learned a level 2 spell: Throw Frost
   939 | D:1      | Reached skill level 1 in Unarmed Combat
  1505 | D:1      | Reached XP level 3. HP: 26/26 MP: 4/4
  1713 | D:2      | Reached skill level 1 in Slings
  1998 | D:2      | Reached skill level 1 in Throwing
  2243 | D:2      | Reached XP level 4. HP: 31/33 MP: 4/4
  2558 | D:2      | Learned a level 3 spell: Ozocubu's Armour
  2932 | D:3      | Noticed Terence
  2952 | D:3      | Killed Terence
  2952 | D:3      | Reached skill level 1 in Maces & Flails
  3071 | D:3      | Found a bloodstained altar of Trog.
  3317 | D:3      | Reached XP level 5. HP: 38/38 MP: 6/6
  3401 | D:3      | Noticed Grinder
  3417 | D:3      | HP: 1/38 [Grinder (3)]
  3432 | D:3      | Paralysed by Grinder for 5 turns
  3436 | D:3      | Killed from afar by Grinder

Action                   |  1- 3 |  4- 6 || total
-------------------------+-------+-------++-------
Melee: Unarmed           |    25 |       ||    25
       Whip              |       |    15 ||    15
 Fire: Hunting sling     |   111 |    64 ||   175
Throw: Stone             |    11 |     1 ||    12
 Cast: Freeze            |    23 |    22 ||    45
       Throw Frost       |     2 |       ||     2
  Use: Potion            |     1 |     1 ||     2
  Eat: Chunk             |     4 |     5 ||     9
